 Dungeon Crawl Stone Soup version 0.31-a0-187-gba352fbbf7 (webtiles) character file.

Game seed: 7096382555068496313

77 qw the Shooter (level 4, 0/25 HPs)
             Began as a Deep Elf Hunter on June 22, 2023.
             Slain by Natasha (3 damage)
             ... on level 3 of the Dungeon.
             The game lasted 00:00:33 (1895 turns).

qw the Shooter (Deep Elf Hunter)                    Turns: 1895, Time: 00:00:34

Health: 0/25       AC:  6    Str: 10    XL:     4   Next: 13%
Magic:  6/6        EV: 11    Int: 14    God:
Gold:   145        SH:  0    Dex: 18    Spells: 3/3 levels left

rFire   . . .        Y - +0 shortbow
rCold   . . .        (shield currently unavailable)
rNeg    . . .        e - +0 ring mail
rPois   +            (no helmet)
rElec   .            (no cloak)
rCorr   .            d - +0 pair of gloves
SInv    .            (no boots)
Will    .....        (no amulet)
Stlth   +            h - ring of poison resistance
HPRegen 0.24/turn    (no ring)
MPRegen 0.10/turn

%: no passive effects
@: no status effects
A: no striking features
a: no special abilities


You were on level 3 of the Dungeon.
You visited 1 branch of the dungeon, and saw 3 of its levels.

You collected 145 gold pieces.


   Skills:
 - Level 1.5 Fighting
 + Level 7.5 Ranged Weapons
 - Level 2.4 Dodging
 - Level 1.2 Stealth


You had 3 spell levels left.
You didn't know any spells.
Your spell library was empty.

Inventory:

Hand Weapons
 Y - a +0 shortbow (weapon)
Armour
 d - a +0 pair of gloves (worn)
 e - a +0 ring mail (worn)
Jewellery
 h - a ring of poison resistance (left hand)
Potions
 a - a potion of degeneration {unknown}
 b - a potion of haste {unknown}
 f - a potion of might
 j - a potion of attraction {unknown}

Dungeon Overview and Level Annotations

Branches:
Dungeon (3/15)

Altars:

Annotations:
D:3 Natasha


Message History

The magic dart hits you.
You shoot an arrow. The arrow hits Natasha.
Natasha is moderately wounded.
You shoot an arrow.
The arrow hits Natasha but does no damage.
Natasha is moderately wounded.
Natasha casts a spell at you. The magic dart hits you.
You shoot an arrow. The arrow barely misses Natasha.
You shoot an arrow. The arrow hits Natasha!
Natasha is almost dead.
Natasha claws you but does no damage.
You shoot an arrow. The arrow hits Natasha!
You kill Natasha!
Natasha screams in fury as she dies!
You have reached level 4!
You feel clever.
You start resting.
Natasha, Servant of Life and Death comes into view.
You shoot an arrow. The arrow closely misses Natasha.
Natasha wildly gestures.
You feel troubled.
You shoot an arrow. The arrow barely misses Natasha.
You shoot an arrow. The arrow closely misses Natasha.
You shoot an arrow. The arrow hits Natasha.
Natasha is moderately wounded.
Natasha casts a spell at you. The magic dart hits you!
You shoot an arrow. The arrow hits Natasha.
Natasha is heavily wounded.
You shoot an arrow. The arrow closely misses Natasha.
Natasha claws you but does no damage. Natasha misses you.
You shoot an arrow. The arrow closely misses Natasha.
Natasha claws you.
You shoot an arrow. The arrow barely misses Natasha.
Natasha claws you.
You shoot an arrow. The arrow closely misses Natasha.
Natasha misses you.
You shoot an arrow. The arrow closely misses Natasha.
Natasha claws you.
You die...

###### #....#
#.##.######
####.##.......
#>...##.....
#...%.......
#...@h#.#########
#...............#
#...............#
#...............#
#...............#
#...............#
#...............#
#...............#
#...............#


You could see Natasha.

Vanquished Creatures
  Natasha (D:3)
  2 adders (D:2)
  A dart slug (D:1)
  2 endoplasms
  2 giant cockroaches (D:2)
  4 goblins
  6 hobgoblins
  4 ball pythons
  3 bats
  2 kobolds (D:2)
  4 rats
31 creatures vanquished.

Notes
Turn   | Place    | Note
-------+----------+-------------------------------------------
     0 | D:1      | qw the Deep Elf Hunter began the quest for the Orb.
     0 | D:1      | Reached XP level 1. HP: 12/12 MP: 3/3
     0 | D:1      | 0 ||| qw: Version: 0.3-a-9-g12657ce
     0 | D:1      | 0 ||| qw: Game counter: 2126
     0 | D:1      | 0 ||| qw: Always use a shield: true
     0 | D:1      | 0 ||| qw: God list: Okawaru
     0 | D:1      | 0 ||| qw: Allow faded altars: false
     0 | D:1      | 0 ||| qw: Do Orc after D:15 true
     0 | D:1      | 0 ||| qw: Do second Lair branch before Depths: true
     0 | D:1      | 0 ||| qw: Lair rune preference: random
     0 | D:1      | 0 ||| qw: Plans: Normal
     0 | D:1      | 0 ||| PLANNING D:1-11
   230 | D:1      | Reached skill level 6 in Ranged Weapons
   230 | D:1      | Reached XP level 2. HP: 16/16 MP: 4/4
   552 | D:1      | 552 ||| Stepping ~*~*~tactically~*~*~ (water).
   554 | D:1      | 554 ||| Stepping ~*~*~tactically~*~*~ (water).
   556 | D:1      | 556 ||| Stepping ~*~*~tactically~*~*~ (water).
   558 | D:1      | 558 ||| Stepping ~*~*~tactically~*~*~ (water).
   774 | D:1      | 774 ||| UPGRADING to +0 ring mail.
   784 | D:1      | 784 ||| DROPPING +0 leather armour.
   785 | D:1      | 785 ||| UPGRADING to ring of poison resistance.
   786 | D:1      | 786 ||| READING scroll labelled QEMUOTWUDUR.
   787 | D:1      | 787 ||| DRINKING 2 fuming ruby potions.
   788 | D:1      | 788 ||| DRINKING 2 white potions.
   789 | D:1      | 789 ||| DROPPING scroll of butterflies.
   790 | D:1      | 790 ||| DROPPING potion of brilliance.
  1207 | D:2      | Reached XP level 3. HP: 15/20 MP: 5/5
  1212 | D:2      | 1212 ||| FLEEEEING.
  1213 | D:2      | 1213 ||| FLEEEEING.
  1214 | D:2      | 1214 ||| FLEEEEING.
  1215 | D:2      | 1215 ||| FLEEEEING.
  1216 | D:2      | 1216 ||| FLEEEEING.
  1217 | D:2      | 1217 ||| FLEEEEING.
  1218 | D:2      | 1218 ||| FLEEEEING.
  1219 | D:2      | 1219 ||| FLEEEEING.
  1220 | D:2      | 1220 ||| FLEEEEING.
  1492 | D:2      | Reached skill level 7 in Ranged Weapons
  1764 | D:2      | 1764 ||| UPGRADING to +0 pair of gloves.
  1769 | D:2      | 1769 ||| DROPPING +6 ring of intelligence.
  1770 | D:2      | 1770 ||| READING scroll labelled ROFESE AKEBLIPS.
  1771 | D:2      | 1771 ||| READING scroll labelled WEWKOTWI QAFONG.
  1796 | D:3      | 1796 ||| STAIRDANCE
  1870 | D:3      | Noticed Natasha
  1876 | D:3      | Killed Natasha
  1877 | D:3      | Reached XP level 4. HP: 13/25 MP: 6/6
  1885 | D:3      | Noticed Natasha
  1893 | D:3      | HP: 3/25 [Natasha (5)]
  1895 | D:3      | Slain by Natasha

Levels and vault maps discovered:
D:1:      dpeg_arrival_lava_temple_mockup, layout_loops_ring,
          chequers_serial_rivers_large_a
D:2:      layout_loops_corners
D:3:      layout_basic, gammafunk_ghost_split, st_stairs_5, uniq_natasha,
          uniq_grinder

Skill      XL: |  1  2  3 |
---------------+----------+-----
Ranged Weapons | 6 7 |  7.5
Fighting       | |  1.5
Dodging        | |  2.4
Stealth        | |  1.2

Action                     |  1- 3 |  4- 6 || total
---------------------------+-------+-------++-------
   Fire: Shortbow          |   100 |    10 ||   110
    Use: Potion            |     2 |       ||     2
         Scroll            |     3 |       ||     3
 Armour: Ring mail         |    31 |     1 ||    32
         Leather armour    |     1 |       ||     1
  Dodge: Dodged            |    30 |     2 ||    32

Table legend:
 A = Non-vault XP
 B = Vault XP
 C = Vault XP percentage of total XP
 D = Non-vault monster count
 E = Vault monster count
 F = Vault count percentage of total count
                 A         B        C        D         E       F
            +---------+---------+-------+---------+---------+-------
      Total |      75 |      35 |  31.8 |      30 |       1 |   3.2
            +---------+---------+-------+---------+---------+-------
        D:1 |      17 |       0 |   0.0 |       9 |       0 |   0.0
        D:2 |      54 |       0 |   0.0 |      19 |       0 |   0.0
        D:3 |       4 |      35 |  89.7 |       2 |       1 |  33.3
            +---------+---------+-------+---------+---------+-------
